 Dungeon Crawl Stone Soup version 0.22.0-38-g04b72b8 (webtiles) character file.

25149 Lew the Blocker (level 13, -2/113 HPs)
             Began as a Gnoll Fighter on Aug 28, 2018.
             Was an Initiate of Gozag.
             Slain by a centaur warrior (11 damage)
             ... on level 14 of the Dungeon.
             The game lasted 00:48:20 (16545 turns).

Lew the Blocker (Gnoll Fighter)                    Turns: 16545, Time: 00:48:21

Health: -2/113     AC: 24    Str: 26    XL:     13   Next: 17%
Magic:  0/24       EV: 24    Int: 10    God:    Gozag
Gold:   1349       SH: 19    Dex: 23    Spells: 27/27 levels left

rFire    + . .     SeeInvis .   H - +4 short sword "Yllafopt" {flame, *Corrode +Blink rElec Stlth+}
rCold    x . .     Gourm    .   c - +5 shield
rNeg     + . .     Faith    .   e - +4 chain mail "Qepoelecw" {Regen+ Str+3}
rPois    .         Spirit   +   E - +2 hat of the Bear Spirit {Spirit, +Rage rN+ MR++}
rElec    +         Reflect  .   b - +2 cloak {+Inv}
rCorr    .         Harm     +   z - +0 pair of gloves
MR       ++...                  D - +0 pair of boots
Stlth    +++.......             q - amulet of harm
HPRegen  0.68/turn              j - +5 ring of evasion
MPRegen  0.19/turn              d - ring of fire

@: agile
A: distributed training, fangs 1, robust 1, strong 1, strong nose
a: Potion Petition, Call Merchant, Bribe Branch, Renounce Religion, Evoke Blink,
Evoke Berserk Rage, Evoke Invisibility


You were on level 14 of the Dungeon.
You worshipped Gozag.
Gozag was most pleased with you.
You were hungry.

You visited 3 branches of the dungeon, and saw 16 of its levels.
You visited 1 bazaar.

You collected 3380 gold pieces.
You spent 1936 gold pieces at shops.
You paid 95 gold pieces to Gozag.

Inventory:

Hand Weapons
 i - a +2 broad axe of chopping
 H - the +4 short sword "Yllafopt" (weapon) {flame, *Corrode +Blink rElec Stlth+}
   (You bought it in a shop in a bazaar)

   It has been specially enchanted to burn those struck by it, causing extra
   injury to most foes and up to half again as much damage against particularly
   susceptible opponents.
   It insulates you from electricity.
   It lets you blink.
   It may corrode you when you take damage.
   It makes you more stealthy.
Armour
 b - a +2 cloak of invisibility (worn)
 c - a +5 shield (worn)
 e - the +4 chain mail "Qepoelecw" (worn) {Regen+ Str+3}
   (You found it on level 13 of the Dungeon)

   It affects your strength (+3).
   It increases your rate of regeneration.
 z - a +0 pair of gloves (worn)
 D - a +0 pair of boots (worn)
 E - the +2 hat of the Bear Spirit (worn) {Spirit, +Rage rN+ MR++}
   (You bought it in a shop in a bazaar)

   It protects you from negative energy.
   It affects your resistance to hostile enchantments.
   It lets you go berserk.
 G - a +2 ring mail of poison resistance
 I - a +3 plate armour of fire resistance
Jewellery
 d - a ring of fire (right hand)
 g - an uncursed ring of protection from magic
 h - an uncursed amulet of the acrobat {unknown}
 j - a +5 ring of evasion (left hand)
 q - an amulet of harm (around neck)
 r - an uncursed amulet of guardian spirit
 s - an uncursed ring of stealth
Wands
 a - a wand of flame (23)
 k - a wand of random effects (30)
 v - a wand of digging (36)
 y - a wand of polymorph (12)
Scrolls
 m - a scroll of enchant armour
 o - 3 scrolls of teleportation
 u - 2 scrolls of magic mapping
 x - a scroll of remove curse
 A - 2 scrolls of blinking
Potions
 l - 2 potions of lignification
Comestibles
 f - 16 rations


   Skills:
 + Level 10.2 Fighting
 + Level 7.9 Short Blades
 + Level 7.9 Long Blades
 + Level 9.2 Axes
 + Level 7.9 Maces & Flails
 + Level 7.9 Polearms
 + Level 7.9 Staves
 + Level 7.9 Slings
 + Level 7.9 Bows
 + Level 7.9 Crossbows
 + Level 7.9 Throwing
 + Level 10.2 Armour
 + Level 7.9 Dodging
 + Level 7.9 Stealth
 + Level 10.2 Shields
 + Level 7.9 Unarmed Combat
 + Level 7.9 Spellcasting
 + Level 6.5 Conjurations
 + Level 6.5 Hexes
 + Level 6.5 Charms
 + Level 6.5 Summonings
 + Level 6.5 Necromancy
 + Level 6.5 Translocations
 + Level 6.5 Transmutations
 + Level 6.5 Fire Magic
 + Level 6.5 Ice Magic
 + Level 6.5 Air Magic
 + Level 6.5 Earth Magic
 + Level 6.5 Poison Magic
 + Level 8.6 Invocations
 + Level 7.9 Evocations


You had 27 spell levels left.
You didn't know any spells.
Your spell library contained the following spells:

 Spells                   Type           Power        Failure   Level  Hunger
 Confusing Touch          Hex            ###...       10%         1    None
 Infusion                 Chrm           ###.         10%         1    None
 Shroud of Golubria       Chrm/Tloc      ###.......   16%         2    ##.....
 Song of Slaying          Chrm           ###.....     16%         2    ##.....
 Confuse                  Hex            ###.....     30%         3    ###....
 Gell's Gravitas          Tloc           ###.......   30%         3    ###....
 Regeneration             Chrm/Necr      ###.......   30%         3    ###....
 Spectral Weapon          Hex/Chrm       ###.....     30%         3    ###....
 Petrify                  Tmut/Erth      ###.....     69%         4    ####...
 Throw Icicle             Conj/Ice       ###.....     69%         4    ####...
 Bolt of Magma            Conj/Fire/Erth ####......   95%         5    ######.
 Iskenderun's Battlesphe  Conj/Chrm      ###.....     95%         5    ######.
 Metabolic Englaciation   Hex/Ice        ###.......   95%         5    ######.
 Yara's Violent Unravell  Hex/Tmut       ###.......   95%         5    ######.
 Bolt of Fire             Conj/Fire      ####......   100%        6    #######


Dungeon Overview and Level Annotations

Branches:
Dungeon (14/15)            Temple (1/1) D:5            Lair (1/6) D:8
    Orc (0/2) D:9
 Vaults: D:13-14

Altars:
Ashenzari
Cheibriados
Dithmenos
Elyvilon
Fedhas
Gozag
Kikubaaqudgha
Makhleb
Nemelex Xobeh
Okawaru
Qazlal
Ru
Sif Muna
Trog
Uskayaw
Vehumet
Wu Jian
Xom
Yredelemnul
Zin
The Shining One
Jiyva

Shops:
D:5 *   D:9 *   D:10 }   D:11 =


Innate Abilities, Weirdness & Mutations

Your experience applies equally to all skills.
You have very sharp teeth.
Your uncanny sense of smell can sniff out nearby items.
You are robust. (+10% HP)
Your muscles are strong. (Str +2)


Message History

You hit the fire dragon.
You bite the fire dragon, but do no damage.
The fire dragon is almost dead.
You block the centaur's attack. The centaur completely misses you.
You block the centaur warrior's attack. The fire dragon breathes flames at you.
The blast of flame hits you! You resist.
* * * LOW HITPOINT WARNING * * *
The centaur completely misses you.
Unknown command.
You hit the fire dragon.
The fire dragon is almost dead.
You block the centaur's attack. You block the centaur warrior's attack.
The centaur misses you. The centaur completely misses you.
Unknown command.
You hit the fire dragon but do no damage.
The fire dragon is almost dead.
The centaur warrior hits you!
You die...
Your body crumbles into a pile of gold.

##..(.#####
#.........#∆
#.........##
###..........#
#.'....(.$(..+
#.#(.....(...#
#.#......$$[.#
#.#........(.#
#.#........@c#
$
#(#.......cDc#
#.######.......
#(# ##......#
#(# #......#
######.#
##.###.#
...>.).# #.. .#
.......# ## .#
.......#


You could see a fire dragon, a centaur warrior and 2 centaurs.

Vanquished Creatures
  Azrael (D:13)
  3 hydras
  A centaur warrior (D:13)
  4 two-headed ogres
  2 slime creatures (D:11)
  Pikel (D:5)
  3 deep elf magi
  2 ugly things
  A cyclops (D:12)
  A salamander (shapeshifter) (D:12)
  2 manticores
  2 centaur zombies
  A freezing wraith (D:7)
  3 komodo dragons
  2 trolls
  2 hornets
  Grinder (D:6)
  4 hippogriffs
  A meliai zombie (D:10)
  A centaur simulacrum (D:11)
  A wraith (D:13)
  A vampire (D:12)
  A wyvern (D:11)
  5 yaks
  A hungry ghost (D:12)
  2 fire elementals (D:13)
  2 soldier ants
  An acid dragon (D:11)
  4 hell hounds (D:13)
  3 slaves (D:5)
  4 orc warriors
  3 ice beasts
  2 eyes of draining
  2 phantoms
  A sky beast (D:5)
  5 ogres
  9 centaurs
  A crocodile (D:8)
  Blork the orc (D:6)
  A big kobold (D:6)
  9 bullfrogs
  A wyvern skeleton (D:14)
  4 scorpions
  4 killer bees (D:10)
  8 wights
  9 howler monkeys
  8 crimson imps
  A jelly (D:13)
  4 hounds
  A gnoll shaman (D:8)
  14 orc wizards
  2 centaur skeletons
  10 orc priests
  3 iguanas
  Natasha (thrice) (D:2)
  11 worker ants
  A bullfrog simulacrum (D:7)
  A hound zombie (D:5)
  A hound skeleton (D:5)
  A worker ant zombie (D:9)
  3 gnolls (D:8)
  13 adders
  A shadow imp (D:8)
  An ooze (D:4)
  3 adder skeletons
  3 dart slugs
  2 leopard geckos
  37 orcs
  2 ball pythons (D:3)
  9 bats
  9 giant cockroaches
  8 goblins
  6 hobgoblins
  13 jackals
  9 kobolds
  5 quokkas
  A ball python skeleton (D:4)
  A frilled lizard (D:3)
  A jackal zombie (D:5)
  8 rats
319 creatures vanquished.

Vanquished Creatures (collateral kills)
  The ghost of Lew the Fighter, a journeyman GnAK of Lugonu (D:11)
  A glowing orange brain (D:11)
  2 cyclopes (D:11)
  An ice devil (D:11)
  3 slime creatures (D:11)
  3 ice beasts (D:11)
  5 centaurs (D:11)
  An orc priest (D:11)
  An orc wizard (D:11)
  A worker ant (D:11)
  A hound simulacrum (D:11)
  4 white imps (D:11)
  2 orcs (D:11)
26 creatures vanquished.

Vanquished Creatures (others)
  5 bushes (D:7)
5 creatures vanquished.

Grand Total: 350 creatures vanquished

Notes
Turn   | Place    | Note
-------+----------+-------------------------------------------
     0 | D:1      | Lew the Gnoll Fighter began the quest for the Orb.
     0 | D:1      | Reached XP level 1. HP: 23/23 MP: 1/1
   124 | D:1      | Reached XP level 2. HP: 29/29 MP: 2/2
   472 | D:1      | Reached XP level 3. HP: 35/35 MP: 3/3
   953 | D:2      | Reached skill level 1 in Invocations
  1101 | D:2      | Noticed Natasha
  1113 | D:2      | Killed Natasha
  1113 | D:2      | Reached skill level 1 in Short Blades
  1113 | D:2      | Reached skill level 1 in Long Blades
  1113 | D:2      | Reached skill level 1 in Maces & Flails
  1113 | D:2      | Reached skill level 1 in Polearms
  1113 | D:2      | Reached skill level 1 in Staves
  1113 | D:2      | Reached skill level 1 in Slings
  1113 | D:2      | Reached skill level 1 in Bows
  1113 | D:2      | Reached skill level 1 in Crossbows
  1113 | D:2      | Reached skill level 1 in Throwing
  1113 | D:2      | Reached skill level 1 in Dodging
  1113 | D:2      | Reached skill level 1 in Stealth
  1113 | D:2      | Reached skill level 1 in Unarmed Combat
  1113 | D:2      | Reached skill level 1 in Spellcasting
  1113 | D:2      | Reached skill level 1 in Evocations
  1113 | D:2      | Reached XP level 4. HP: 35/41 MP: 5/5
  1795 | D:2      | Noticed Natasha
  1807 | D:2      | Killed Natasha
  1807 | D:2      | Reached skill level 1 in Conjurations
  1807 | D:2      | Reached skill level 1 in Hexes
  1807 | D:2      | Reached skill level 1 in Charms
  1807 | D:2      | Reached skill level 1 in Summonings
  1807 | D:2      | Reached skill level 1 in Necromancy
  1807 | D:2      | Reached skill level 1 in Translocations
  1807 | D:2      | Reached skill level 1 in Transmutations
  1807 | D:2      | Reached skill level 1 in Fire Magic
  1807 | D:2      | Reached skill level 1 in Ice Magic
  1807 | D:2      | Reached skill level 1 in Air Magic
  1807 | D:2      | Reached skill level 1 in Earth Magic
  1807 | D:2      | Reached skill level 1 in Poison Magic
  2142 | D:2      | Noticed Natasha
  2151 | D:2      | Killed Natasha
  2151 | D:2      | Reached XP level 5. HP: 38/47 MP: 5/7
  2309 | D:3      | Noticed an orc warrior
  2561 | D:2      | Killed an orc warrior
  2561 | D:2      | Reached XP level 6. HP: 28/53 MP: 8/8
  2741 | D:3      | Reached skill level 5 in Axes
  3359 | D:4      | Found a burning altar of Makhleb.
  3473 | D:4      | Reached XP level 7. HP: 57/59 MP: 8/10
  3887 | D:5      | Entered Level 5 of the Dungeon
  4055 | D:5      | Found Dyirubeng's Assorted Antiques.
  4081 | D:5      | Bought an amethyst potion for 28 gold pieces
  4081 | D:5      | Bought a ring of evasion for 64 gold pieces
  4081 | D:5      | Bought a scroll labeled XAUT GEAMEI for 32 gold pieces
  4210 | D:5      | Noticed Pikel
  4247 | D:5      | Killed Pikel
  4247 | D:5      | Reached XP level 8. HP: 48/67 MP: 8/12
  4332 | D:5      | Found a staircase to the Ecumenical Temple.
  4338 | Temple   | Entered the Ecumenical Temple
  4346 | Temple   | Became a worshipper of Gozag Ym Sagoz the Greedy
  4644 | D:6      | Found a snail-covered altar of Cheibriados.
  4647 | D:6      | Noticed Blork the orc
  4666 | D:6      | Killed Blork the orc
  4735 | D:6      | Identified Peobb's Papyrus of Conjuration and Cold
  5042 | D:6      | Reached XP level 9. HP: 11/72 MP: 4/14
  5323 | D:6      | You fall through a shaft!
  5389 | D:7      | Noticed a freezing wraith
  5390 | D:7      | Noticed a manticore
  5644 | D:6      | Gained mutation: Your muscles are strong. (Str +2) [potion of mutation]
  5644 | D:6      | Gained mutation: You are robust. (+10% HP) [potion of mutation]
  5743 | D:6      | Noticed Grinder
  5756 | D:6      | Killed Grinder
  6234 | D:7      | Found an ancient bone altar of Kikubaaqudgha.
  6248 | D:7      | Found an iron altar of Okawaru.
  6584 | D:7      | Found a shadowy altar of Dithmenos.
  6584 | D:7      | Found a bloodstained altar of Trog.
  6696 | D:7      | Found a glowing golden altar of the Shining One.
  6701 | D:7      | Found a basalt altar of Yredelemnul.
  6703 | D:7      | Noticed a profane servitor
  6787 | D:7      | Noticed an angel
  7400 | D:8      | Reached skill level 5 in Invocations
  7413 | D:8      | Found a sacrificial altar of Ru.
  7500 | D:8      | Reached XP level 10. HP: 86/88 MP: 15/17
  7595 | D:8      | Found a stormy altar of Qazlal.
  7628 | D:8      | Found a staircase to the Lair.
  7873 | D:7      | Noticed a brown ugly thing
  7925 | D:7      | Killed a brown ugly thing
  7925 | D:7      | Reached skill level 5 in Short Blades
  7925 | D:7      | Reached skill level 5 in Long Blades
  7925 | D:7      | Reached skill level 5 in Maces & Flails
  7925 | D:7      | Reached skill level 5 in Polearms
  7925 | D:7      | Reached skill level 5 in Staves
  7925 | D:7      | Reached skill level 5 in Slings
  7925 | D:7      | Reached skill level 5 in Bows
  7925 | D:7      | Reached skill level 5 in Crossbows
  7925 | D:7      | Reached skill level 5 in Throwing
  7925 | D:7      | Reached skill level 5 in Dodging
  7925 | D:7      | Reached skill level 5 in Stealth
  7925 | D:7      | Reached skill level 5 in Unarmed Combat
  7925 | D:7      | Reached skill level 5 in Spellcasting
  7925 | D:7      | Reached skill level 5 in Evocations
  8274 | D:7      | Killed a manticore
  8627 | Lair:1   | Entered Level 1 of the Lair of Beasts
  8627 | Lair:1   | Noticed a black mamba
  8639 | D:9      | Found Piypo's General Store.
  8649 | D:9      | Bought a scroll of magic mapping for 56 gold pieces
  8649 | D:9      | Bought a ration for 80 gold pieces
  8649 | D:9      | Bought a ration for 80 gold pieces
  8764 | D:9      | Found a staircase to the Orcish Mines.
  9570 | D:10     | Entered Level 10 of the Dungeon
  9921 | D:10     | Noticed a two-headed ogre
  9927 | D:10     | Killed a two-headed ogre
  9993 | D:10     | Reached XP level 11. HP: 88/95 MP: 17/19
 10064 | D:10     | Found Aqis's Gadget Shoppe.
 10202 | D:10     | Noticed a two-headed ogre
 10906 | D:10     | Killed a two-headed ogre
 10929 | D:11     | Noticed a cyclops
 11219 | D:11     | Paralysed by a hornet for 1 turns
 11252 | D:11     | Found Pedizea's Jewellery Shoppe.
 11285 | D:11     | Reached skill level 5 in Conjurations
 11285 | D:11     | Reached skill level 5 in Hexes
 11285 | D:11     | Reached skill level 5 in Charms
 11285 | D:11     | Reached skill level 5 in Summonings
 11285 | D:11     | Reached skill level 5 in Necromancy
 11285 | D:11     | Reached skill level 5 in Translocations
 11285 | D:11     | Reached skill level 5 in Transmutations
 11285 | D:11     | Reached skill level 5 in Fire Magic
 11285 | D:11     | Reached skill level 5 in Ice Magic
 11285 | D:11     | Reached skill level 5 in Air Magic
 11285 | D:11     | Reached skill level 5 in Earth Magic
 11285 | D:11     | Reached skill level 5 in Poison Magic
 11326 | D:11     | Found a transporter.
 11332 | D:11     | Found a viscous altar of Jiyva.
 11365 | D:11     | Found a flickering gateway to a bazaar.
 11446 | D:11     | Noticed a cyclops
 11455 | Bazaar   | Entered a bazaar
 11458 | Bazaar   | Found Qeobri Qocoa's Armour Shop.
 11492 | Bazaar   | Found Jop Kitipp's Weapon Shop.
 11525 | Bazaar   | Found Gealuff's Book Shop.
 11525 | Bazaar   | Found Weanga's Gadget Boutique.
 11567 | Bazaar   | Bought the +2 hat of the Bear Spirit {Spirit, +Rage rN+ MR++} for 351 gold pieces
 11567 | Bazaar   | Found the +2 hat of the Bear Spirit {Spirit, +Rage rN+ MR++}
 11598 | Bazaar   | Bought a +3 chain mail for 193 gold pieces
 11598 | Bazaar   | Bought a +2 ring mail of poison resistance for 162 gold pieces
 11612 | Bazaar   | Bought the +4 short sword "Yllafopt" {flame, *Corrode +Blink rElec Stlth+} for 610 gold pieces
 11709 | Bazaar   | Bought a sack of spiders for 140 gold pieces
 11709 | Bazaar   | Bought a box of beasts for 140 gold pieces
 11733 | D:11     | Killed a cyclops
 11773 | D:11     | Killed a cyclops
 11985 | D:11     | Noticed Lew's ghost (journeyman GnAK)
 12118 | D:11     | Found a runed gate.
 12118 | D:11     | Found a runed gate.
 12118 | D:11     | Found a runed gate.
 12415 | D:11     | Killed Lew's ghost
 12909 | D:11     | Found a transporter.
 12910 | D:11     | Noticed a glowing orange brain
 12914 | D:11     | Killed a glowing orange brain
 13560 | D:12     | Reached XP level 12. HP: 105/105 MP: 22/22
 13671 | D:12     | Noticed a seven-headed hydra
 13689 | D:12     | Killed a seven-headed hydra
 13891 | D:12     | Noticed a seven-headed hydra
 13905 | D:12     | Killed a seven-headed hydra
 14419 | D:12     | Noticed a two-headed ogre
 14430 | D:12     | Killed a two-headed ogre
 14696 | D:13     | Noticed a centaur warrior
 14740 | D:13     | Killed a centaur warrior
 15093 | D:13     | Got a shimmering chain mail
 15094 | D:13     | Identified the +4 chain mail "Qepoelecw" {Regen+ Str+3} (You found it on level 13 of the Dungeon)
 15409 | D:13     | Reached skill level 10 in Fighting
 15409 | D:13     | Reached skill level 10 in Armour
 15409 | D:13     | Reached skill level 10 in Shields
 15521 | D:13     | Noticed a two-headed ogre
 15531 | D:13     | Killed a two-headed ogre
 15601 | D:13     | Noticed Azrael
 15801 | D:13     | Killed Azrael
 15801 | D:13     | Reached XP level 13. HP: 69/113 MP: 15/24
 16313 | D:14     | Noticed a fire dragon
 16545 | D:14     | Slain by a centaur warrior

Skill      XL: |  1  2  3  4  5  6  7  8  9 10 11 12 |
---------------+-------------------------------------+-----
Invocations    | 1 2 3 4 5 6 7 8 |  8.6
Short Blades   | 1 2 3 4 5 6 7 |  7.9
Long Blades    | 1 2 3 4 5 6 7 |  7.9
Maces & Flails | 1 2 3 4 5 6 7 |  7.9
Polearms       | 1 2 3 4 5 6 7 |  7.9
Staves         | 1 2 3 4 5 6 7 |  7.9
Slings         | 1 2 3 4 5 6 7 |  7.9
Bows           | 1 2 3 4 5 6 7 |  7.9
Crossbows      | 1 2 3 4 5 6 7 |  7.9
Throwing       | 1 2 3 4 5 6 7 |  7.9
Dodging        | 1 2 3 4 5 6 7 |  7.9
Stealth        | 1 2 3 4 5 6 7 |  7.9
Unarmed Combat | 1 2 3 4 5 6 7 |  7.9
Spellcasting   | 1 2 3 4 5 6 7 |  7.9
Evocations     | 1 2 3 4 5 6 7 |  7.9
Conjurations   | 1 2 3 4 5 6 |  6.5
Hexes          | 1 2 3 4 5 6 |  6.5
Charms         | 1 2 3 4 5 6 |  6.5
Summonings     | 1 2 3 4 5 6 |  6.5
Necromancy     | 1 2 3 4 5 6 |  6.5
Translocations | 1 2 3 4 5 6 |  6.5
Transmutations | 1 2 3 4 5 6 |  6.5
Fire Magic     | 1 2 3 4 5 6 |  6.5
Ice Magic      | 1 2 3 4 5 6 |  6.5
Air Magic      | 1 2 3 4 5 6 |  6.5
Earth Magic    | 1 2 3 4 5 6 |  6.5
Poison Magic   | 1 2 3 4 5 6 |  6.5
Axes           | 5 6 7 8 9 |  9.2
Fighting       | 7 8 9 10 | 10.2
Armour         | 7 8 9 10 | 10.2
Shields        | 7 8 9 10 | 10.2

Action                   |  1- 3 |  4- 6 |  7- 9 | 10-12 | 13-15 || total
-------------------------+-------+-------+-------+-------+-------++-------
Melee: War axe           |    95 |   134 |   427 |   166 |       ||   822
       Bite              |    11 |    15 |    70 |   146 |    27 ||   269
       Broad axe         |       |       |       |   134 |       ||   134
       Short sword       |       |       |       |   490 |   127 ||   617
 Abil: Evoke Blink       |       |       |       |     1 |       ||     1
Evoke: Wand              |       |       |       |    18 |       ||    18
       Box of beasts     |       |       |       |     4 |       ||     4
       Sack of spiders   |       |       |       |     4 |       ||     4
  Use: Potion            |       |     7 |     5 |    17 |     1 ||    30
       Scroll            |       |    10 |     6 |    17 |     2 ||    35
 Stab: Sleeping          |       |       |     2 |    14 |       ||    16
       Distracted        |       |       |       |     1 |     1 ||     2
  Eat: Chunk             |       |     5 |     3 |       |       ||     8
       Ration            |       |     1 |     3 |     9 |       ||    13
Armor: Scale mail        |    51 |    18 |    32 |    21 |       ||   122
       Plate armour      |       |    15 |    93 |    41 |       ||   149
       Ring mail         |       |       |       |    57 |       ||    57
       Skin              |       |       |       |    43 |       ||    43
       Chain mail        |       |       |       |    28 |    37 ||    65
Dodge: Dodged            |    41 |    57 |   165 |   360 |    71 ||   694
Block: Shield            |    53 |    91 |   284 |   720 |   123 ||  1271
